 Dungeon Crawl Stone Soup version 0.28.0-53-g5a82cb258f (webtiles) character file.

Game seed: 9446241424884606112

147 Zeld the Conjurer (level 5, -1/28 HPs)
             Began as a Deep Elf Conjurer on May 24, 2022.
             Slain by an adder (2 damage)
             ... on level 4 of the Dungeon.
             The game lasted 00:02:57 (1925 turns).

Zeld the Conjurer (Deep Elf Conjurer)               Turns: 1925, Time: 00:02:58

Health: -1/28      AC:  3    Str:  4    XL:     5   Next: 8%
Magic:  4/14       EV: 12    Int: 25    God:
Gold:   133        SH:  0    Dex: 13    Spells: 2/13 levels left

rFire   . . .      SeeInvis .   (no weapon)
rCold   . . .      Faith    .   (no shield)
rNeg    . . .      Spirit   .   a - +0 robe
rPois   .          Reflect  .   (no helmet)
rElec   .          Harm     .   (no cloak)
rCorr   .          Rampage  .   (no gloves)
Will    .....                   f - +0 pair of boots
Stlth   ++........              (no amulet)
HPRegen 0.09/turn               (no ring)
MPRegen 0.14/turn               (no ring)

@: lethally poisoned (-1 -> -6)
A: no striking features
a: no special abilities


You were on level 4 of the Dungeon.
You visited 1 branch of the dungeon, and saw 3 of its levels.

You collected 133 gold pieces.

Inventory:

Armour
 a - a +0 robe (worn)
 f - a +0 pair of boots (worn)
Jewellery
 e - a ring of protection from fire
Scrolls
 c - a scroll of identify {unknown}
 g - a scroll of noise {unknown}
 i - a scroll of summoning {unknown}
 j - a scroll of fear {unknown}
Potions
 b - a potion of mutation {unknown}
 d - a potion of curing {unknown}
 h - 2 potions of haste {unknown}
 k - a potion of lignification {unknown}


   Skills:
 - Level 2.4 Dodging
 - Level 2.4 Stealth
 + Level 4.8 Spellcasting
 + Level 5.5 Conjurations
 - Level 2.0 Hexes
 - Level 2.0 Translocations


You had 2 spell levels left.
You knew the following spells:

 Your Spells              Type           Power      Damage    Failure   Level
a - Magic Dart            Conj           100%       1d8       1%          1
b - Searing Ray           Conj           66%        2d6       1%          2
c - Fulminant Prism       Conj/Hex       12%        3d9       19%         4
d - Iskenderun's Mystic   Conj/Tloc      24%        2d7       19%         4

Your spell library contained the following spells:

 Spells                   Type           Power      Damage    Failure   Level
 Corpse Rot               Necr/Air       12%        N/A       13%         2
 Poisonous Vapours        Pois/Air       12%        N/A       13%         2
 Dazzling Flash           Conj/Hex       48%        N/A       5%          3
 Summon Ice Beast         Ice/Summ       6%         N/A       63%         4
 Summon Mana Viper        Hex/Summ       11%        N/A       83%         5
 Monstrous Menagerie      Summ           3%         N/A       100%        7


Dungeon Overview and Level Annotations

Branches:
Dungeon (2/15)

Altars:
Okawaru


Message History

The searing ray misses the adder.
The searing ray hits the adder.
The adder is severely wounded. (Press . to maintain the ray.)
You feel sick. The adder bites you but does no damage.
Unknown command.
The searing ray misses the adder.
The searing ray hits the adder.
You kill the adder!
You feel sick. The adder barely misses you. The adder bites you.
You are more poisoned.
The adder poisons you!
You have reached level 5!
The searing ray hits the adder!
You kill the adder!
You feel sick. The adder closely misses you.
Unknown command.
The searing ray misses the adder.
You finish channelling your searing ray.
You feel sick. The adder bites you.
* * * LOW HITPOINT WARNING * * *
Unknown command.
Casting: Searing Ray (safe; 1% risk of failure)
Confirm with . or Enter, or press ? or * to list all spells.
Aiming: Searing Ray (safe; 1% risk of failure)
Press: ? - help, Shift-Dir - straight line The searing ray misses the adder. (Press . to maintain the ray.)
You feel sick. The adder bites you.
* * * LOW HITPOINT WARNING * * *
You are lethally poisoned!
The adder poisons you!
The searing ray hits the adder.
The adder is heavily wounded.
* * * LOW HITPOINT WARNING * * *
You feel sick. The adder bites you but does no damage.
Unknown command.
The searing ray hits the adder.
The adder is severely wounded.
* * * LOW HITPOINT WARNING * * *
You feel sick. The adder misses you. The adder bites you.
You die...

#....######
##.#.)......#
###.##)#..# #.#
...)......# #.#
###)##.#..# #.#
##.#.#.## #.##
#......# #..##
#)####.####.#.####
#.# #.....###@S.##
#)# ######.#.##..#
#)# #..####.######
#.# #......P...P.#
#.# #P.....≈≈P...#
#.# #.....≈≈≈≈≈..#
#.#
#.P..♣≈≈≈≈≈≈PP.#
#.#
#....≈≈≈≈≈≈≈≈..#
#.#
#...P≈≈≈≈≈≈≈≈P.#


You could see an adder.

Vanquished Creatures
  Blork the orc (D:4)
  3 adders
  2 worms
  2 dart slugs (D:2)
  4 orcs (D:4)
  2 bats (D:1)
  3 endoplasms (D:1)
  2 goblins (D:1)
  3 hobgoblins
  3 ball pythons
  8 frilled lizards
  8 kobolds
  3 rats (D:1)
44 creatures vanquished.

Vanquished Creatures (others)
  A plant (D:4)
1 creature vanquished.

Grand Total: 45 creatures vanquished

Notes
Turn   | Place    | Note
-------+----------+-------------------------------------------
     0 | D:1      | Zeld the Deep Elf Conjurer began the quest for the Orb.
     0 | D:1      | Reached XP level 1. HP: 10/10 MP: 6/6
   115 | D:1      | Reached skill level 1 in Hexes
   243 | D:1      | Reached skill level 1 in Translocations
   243 | D:1      | Reached XP level 2. HP: 15/15 MP: 5/8
   246 | D:1      | Learned a level 2 spell: Searing Ray
   809 | D:2      | Found a faded altar of an unknown god.
   962 | D:2      | Found an iron altar of Okawaru.
  1247 | D:2      | Reached XP level 3. HP: 19/19 MP: 0/9
  1587 | D:2      | You fall into a shaft and drop 2 floors!
  1678 | D:4      | Noticed Blork the orc
  1698 | D:4      | Killed Blork the orc
  1699 | D:4      | Reached skill level 5 in Conjurations
  1699 | D:4      | Reached XP level 4. HP: 12/24 MP: 1/12
  1733 | D:4      | Learned a level 4 spell: Fulminant Prism
  1738 | D:4      | Learned a level 4 spell: Iskenderun's Mystic Blast
  1921 | D:4      | Reached XP level 5. HP: 15/28 MP: 9/14
  1925 | D:4      | HP: 1/28 [poisoned by an adder]
  1925 | D:4      | Slain by an adder

Illustrated notes

Levels and vault maps discovered:
D:1:      mrwooster_arrival_statue, layout_basic, dk_noncrumbling_3
D:2:      layout_basic, nicolae_ecumenical_oubliette, basic_altar,
          minmay_lizard_pond
D:4:      layout_loops_ring, nicolae_hepliaklqana_hippocampus,
          minmay_temple_entry_junction, guppyfry_early_lair_pool, uniq_pikel,
          uniq_blork_the_orc

Skill      XL: |  1  2  3 |
---------------+----------+-----
Hexes          | 1 2 |  2.0
Translocations | 1 2 |  2.0
Spellcasting   | 4 |  4.8
Conjurations   | 5 |  5.5
Dodging        | |  2.4
Stealth        | |  2.4

Action                   |  1- 3 |  4- 6 || total
-------------------------+-------+-------++-------
Melee: Unarmed           |     4 |     1 ||     5
 Cast: Magic Dart        |    46 |       ||    46
       Searing Ray       |    10 |     5 ||    15
Armor: Robe              |     6 |     3 ||     9
Dodge: Dodged            |     9 |     7 ||    16
